 Dungeon Crawl Stone Soup version 0.29-a0-338-g1ff7896281 (webtiles) character file.

Game seed: 5868195505096876627

21606 Dauddaud the Severer (level 12, -1/100 (105) HPs)
             Began as a Minotaur Berserker on Apr 18, 2022.
             Was an Elder of Trog.
             Slain by a spectral eight-headed hydra (5 damage)
             ... in a Gauntlet.
             The game lasted 00:36:09 (16884 turns).

Dauddaud the Severer (Minotaur Berserker)          Turns: 16884, Time: 00:36:10

HP:   -1/100 (105)  AC: 18    Str: 27    XL:     12   Next: 55%
MP:   11/11         EV: 14    Int:  4    God:    Trog [****..]
Gold: 1072          SH:  0    Dex: 10    Spells: 11/11 levels left

rFire   . . .      SeeInvis .   y - +4 battleaxe (vorpal)
rCold   + . .      Faith    +   (shield currently unavailable)
rNeg    . . .      Spirit   .   D - +0 plate armour
rPois   .          Reflect  .   (helmet restricted)
rElec   .          Harm     .   e - +0 cloak
rCorr   .          Rampage  .   I - +0 pair of gloves
Will    ++...      NoTele   +   m - +0 pair of boots
Stlth   ..........              s - amulet of faith
HPRegen 1.26/turn               l - +4 ring of evasion
MPRegen 0.12/turn               E - ring of protection from cold

@: strong-willed, on berserk cooldown, regenerating, slowed, lightly drained,
very slow
A: horns 2, retaliatory headbutt
a: Renounce Religion, Berserk, Trog's Hand, Brothers in Arms


You were in a Gauntlet.
You worshipped Trog.
Trog was greatly pleased with you.
You visited 1 branch of the dungeon, and saw 12 of its levels.
You also visited: Gauntlet.

You collected 1072 gold pieces.

Inventory:

Hand Weapons
 y - a +4 vorpal battleaxe (weapon)
 C - a +0 battleaxe
 J - a +4 executioner's axe of flaming
Missiles
 P - a throwing net (quivered)
Armour
 c - a +0 cloak
 e - a +0 cloak (worn)
 m - a +0 pair of boots (worn)
 D - a +0 plate armour (worn)
 H - the +3 leather armour of Wocwieps {rElec rF+++ rC-}
   (You found it on level 8 of the Dungeon)

   rF:        It renders you almost immune to fire.
   rC:        It makes you vulnerable to cold.
   rElec:     It insulates you from electricity.
 I - a +0 pair of gloves (worn)
Jewellery
 l - a +4 ring of evasion (left hand)
 s - an amulet of faith (around neck)
 E - a ring of protection from cold (right hand)
 N - a ring of Velleil {Drain Str+6 Dex+3 Slay+4}
   (You found it in a Gauntlet)

   [ring of strength]

   Str:       It affects your strength (+6).
   Dex:       It affects your dexterity (+3).
   Slay:      It affects your accuracy & damage with ranged weapons and melee
   (+4).
   Drain:     It drains your maximum health when unequipped.
 O - a ring of flight
Wands
 a - a wand of acid (9)
 b - a wand of flame (10)
 R - a wand of polymorph (6)
Scrolls
 g - 3 scrolls of vulnerability
 i - a scroll of blinking
 k - 4 scrolls of silence {unknown}
 n - 2 scrolls of teleportation
 o - a scroll of noise
 r - 5 scrolls of amnesia
 x - 2 scrolls of brand weapon {unknown}
 z - a scroll of fog {unknown}
 A - 4 scrolls of enchant weapon {unknown}
 F - 2 scrolls of enchant armour
 L - a scroll of fear
 M - a scroll of immolation
 S - a scroll of summoning {unknown}
 T - a scroll of identify
Potions
 d - 3 potions of heal wounds {unknown}
 f - 7 potions of curing {unknown}
 h - a potion of flight {unknown}
 j - a potion of lignification {unknown}
 p - 5 potions of mutation
 q - 2 potions of haste {unknown}
 t - 2 potions of degeneration {unknown}
 u - 2 potions of invisibility {unknown}
 v - 3 potions of ambrosia
 w - a potion of magic {unknown}
 B - 4 potions of brilliance {unknown}
 G - 2 potions of resistance {unknown}
 K - a potion of might {unknown}
 Q - a potion of berserk rage {unknown}


   Skills:
 * Level 9.5 Fighting
 - Level 20.0 Axes
 * Level 9.1 Armour
 + Level 7.7 Dodging
 + Level 2.1 Evocations


You had 11 spell levels left.
You didn't know any spells.
Your spell library was empty.

Dungeon Overview and Level Annotations

Branches:
Dungeon (12/15)            Temple (0/1) D:4            Lair (0/6) D:10
    Orc (0/2) D:9         Gauntlet (1/1)

Altars:
Dithmenos
Elyvilon
Fedhas
Kikubaaqudgha
Nemelex Xobeh
Sif Muna
Vehumet
Wu Jian
The Shining One

Annotations:
Gauntlet 7 transporters, 2 runed translucent doors


Innate Abilities, Weirdness & Mutations

You have a pair of horns on your head.
You reflexively headbutt those who attack you in melee.


Message History

The spectral eight-headed hydra bites you but does no damage. x3
The spectral eight-headed hydra bites you.
The spectral eight-headed hydra bites you but does no damage.
The spectral eight-headed hydra barely misses you.
The spectral eight-headed hydra completely misses you.
The spectral eight-headed hydra bites you but does no damage.
You slice the spectral eight-headed hydra!!
The spectral eight-headed hydra is severely damaged.
The spectral eight-headed hydra bites you!
* * * LOW HITPOINT WARNING * * *
The spectral eight-headed hydra bites you but does no damage.
The spectral eight-headed hydra bites you.
* * * LOW HITPOINT WARNING * * *
The spectral eight-headed hydra bites you but does no damage. x2
The spectral eight-headed hydra completely misses you.
The spectral eight-headed hydra bites you.
* * * LOW HITPOINT WARNING * * *
You feel drained.
* * * LOW HITPOINT WARNING * * *
The spectral eight-headed hydra bites you but does no damage. x3
The spectral eight-headed hydra bites you!
* * * LOW HITPOINT WARNING * * *
You feel drained.
* * * LOW HITPOINT WARNING * * *
The spectral eight-headed hydra closely misses you.
The spectral eight-headed hydra bites you.
* * * LOW HITPOINT WARNING * * *
You feel drained.
* * * LOW HITPOINT WARNING * * *
The spectral eight-headed hydra misses you.
The spectral eight-headed hydra bites you but does no damage.
The spectral eight-headed hydra closely misses you.
Your skin crawls.
You feel strong-willed.
The spectral eight-headed hydra bites you but does no damage.
The spectral eight-headed hydra misses you.
The spectral eight-headed hydra bites you but does no damage. x2
The spectral eight-headed hydra misses you.
The spectral eight-headed hydra bites you.
You die...

.....................≈#
########...#########.##
..8#8..#.⌠.#.#.....#.≈##
...8..)#...#.#.###$#.≈≈#
8.8.8..#####.###.^"#.≈## ..
#8^©^8©#©.©#.B.©..©#.## .⌠.#
8.8.8..#.⌠.#Z###.^.#..##...##
...8...#...#Z#.###"#...#.⌠...
..8#8..#.⌠.#.#..@ZB#.∩.#...#
########...#########...#.©.##.
.......#.⌠.....#.....⌠.#......
########...#########...#.©.#
##..ZZZ#.⌠.###x*x###.∩.#...#
###.##.#...###..x###...#.⌠...
Z...##$#.⌠.#..##+=##..##...##
.#.©.#©#©.©#..#©#!©#.## ⌠.#
.##..=Z#####..+##.##.≈## ..


You could see a wretched star, a spectral eight-headed hydra, a death scarab and
3 small abominations.

Vanquished Creatures
  Nessos (D:12)
  A boulder beetle (D:11)
  6 two-headed ogres
  A death scarab (Gauntlet)
  A spectral hydra (Gauntlet)
  A swamp dragon (shapeshifter) (Gauntlet)
  Pikel (D:7)
  A deep elf pyromancer (D:7)
  2 gargoyles (D:11)
  A kobold demonologist (D:11)
  3 trolls
  4 hornets
  Grinder (D:6)
  2 vampires (D:10)
  A wraith (D:11)
  A wyvern (D:9)
  11 yaks
  Grum (D:8)
  A steam dragon (D:7)
  4 vampire mosquitoes
  Menkaure (D:5)
  Edmund (D:4)
  Duvessa (D:6)
  4 water moccasins
  A sky beast (D:7)
  2 black bears
  An ice beast (D:6)
  7 orc warriors
  7 ogres
  4 wolves (D:8)
  7 centaurs
  A phantom (D:6)
  4 kobold brigands
  3 bullfrogs
  A gnoll sergeant (D:10)
  4 scorpions
  9 wights
  Dowan (D:6)
  12 killer bees (D:11)
  4 howler monkeys
  A hound (D:5)
  7 orc priests
  5 jellies
  Crazy Yiuf (D:6)
  2 gnoll shamans
  Jessica (D:3)
  An iguana (D:3)
  9 orc wizards
  13 adders
  19 gnolls
  A shadow imp (D:6)
  2 white imps
  3 ufetubi
  A worm (D:5)
  4 dart slugs
  38 orcs
  8 endoplasms
  2 giant cockroaches
  7 goblins
  5 hobgoblins
  9 jackals
  4 quokkas
  5 ball pythons
  4 bats
  7 frilled lizards
  26 kobolds
  4 rats
309 creatures vanquished.

Vanquished Creatures (collateral kills)
  2 two-headed ogres (D:11)
  Lodul (D:11)
  An ugly thing (D:11)
  A queen bee (D:11)
  A spectral black mamba (Gauntlet)
  An ogre (D:11)
  2 killer bees (D:11)
9 creatures vanquished.

Vanquished Creatures (others)
  3 orcs (D:8)
  3 fungi (D:6)
6 creatures vanquished.

Grand Total: 324 creatures vanquished

Notes
Turn   | Place    | Note
-------+----------+-------------------------------------------
     0 | D:1      | Dauddaud the Minotaur Berserker began the quest for the
                  | Orb.
     0 | D:1      | Reached XP level 1. HP: 19/19 MP: 0/0
   236 | D:1      | Reached XP level 2. HP: 24/27 MP: 1/1
   461 | D:1      | Reached skill level 4 in Axes
   567 | D:1      | Reached XP level 3. HP: 33/33 MP: 2/2
   576 | D:1      | Found a faded altar of an unknown god.
   648 | D:1      | Reached ** piety under Trog
  1297 | D:2      | Reached XP level 4. HP: 29/41 MP: 3/3
  2478 | D:3      | Noticed Jessica
  2484 | D:3      | Killed Jessica
  2794 | D:3      | Reached XP level 5. HP: 46/47 MP: 4/4
  3456 | D:4      | Reached skill level 5 in Fighting
  3456 | D:4      | Reached skill level 5 in Axes
  3623 | D:4      | Reached *** piety under Trog
  3634 | D:4      | Found a staircase to the Ecumenical Temple.
  3854 | D:4      | Reached XP level 6. HP: 56/56 MP: 5/5
  3906 | D:4      | Noticed Edmund
  3917 | D:4      | Killed Edmund
  4171 | D:4      | Reached XP level 7. HP: 24/62 MP: 6/6
  4471 | D:4      | Reached skill level 5 in Armour
  4600 | D:4      | Reached skill level 6 in Axes
  4965 | D:5      | Entered Level 5 of the Dungeon
  5029 | D:5      | Reached skill level 5 in Dodging
  5141 | D:5      | Found a glowing golden altar of the Shining One.
  5144 | D:5      | Noticed Menkaure
  5161 | D:5      | Killed Menkaure
  5162 | D:5      | Reached XP level 8. HP: 25/71 MP: 7/7
  5451 | D:5      | Reached **** piety under Trog
  5749 | D:5      | Reached skill level 7 in Axes
  5970 | D:5      | Identified the +1 pair of gloves "Lacecwu" {*Slow MP+9
                  | Str+2 Int+3 Dex+2}
  6469 | D:6      | Noticed Duvessa
  6470 | D:6      | Noticed Dowan
  6478 | D:6      | Killed Dowan
  6480 | D:6      | Killed Duvessa
  6838 | D:6      | Noticed Grinder
  6854 | D:6      | Killed Grinder
  7066 | D:6      | Reached skill level 8 in Axes
  7066 | D:6      | Reached XP level 9. HP: 48/81 MP: 8/8
  8227 | D:6      | Found a runed translucent door.
  8228 | D:6      | Noticed Crazy Yiuf
  8234 | D:6      | Killed Crazy Yiuf
  8393 | D:7      | Reached skill level 9 in Axes
  8531 | D:7      | Found a shadowy altar of Dithmenos.
  8535 | D:7      | Noticed a deep elf pyromancer
  8543 | D:7      | Killed a deep elf pyromancer
  8544 | D:7      | Reached skill level 10 in Axes
  8758 | D:7      | Noticed Pikel
  8765 | D:7      | Killed Pikel
  8766 | D:7      | Reached skill level 11 in Axes
  8969 | D:7      | Reached skill level 12 in Axes
  8972 | D:7      | Reached XP level 10. HP: 80/88 MP: 9/9
  9339 | D:8      | Noticed Grum
  9354 | D:8      | Killed Grum
  9709 | D:8      | Reached ***** piety under Trog
  9712 | D:8      | Reached skill level 13 in Axes
  9919 | D:8      | Found a shimmering blue altar of Sif Muna.
 10312 | D:8      | Identified the +3 leather armour of Wocwieps {rElec rF+++
                  | rC-}
 10372 | D:8      | Reached skill level 14 in Axes
 11099 | D:9      | Received a gift from Trog
 11133 | D:9      | Reached skill level 15 in Axes
 11224 | D:9      | Noticed a two-headed ogre
 11233 | D:9      | Killed a two-headed ogre
 11403 | D:9      | Found a staircase to the Orcish Mines.
 11855 | D:9      | Found Socouhui's Mayhem Merchandise.
 11882 | D:9      | Reached XP level 11. HP: 83/94 MP: 10/10
 11977 | D:9      | Found a blossoming altar of Fedhas.
 11990 | D:9      | Found an ornate altar of the Wu Jian Council.
 11993 | D:9      | Found an ancient bone altar of Kikubaaqudgha.
 11993 | D:9      | Found a radiant altar of Vehumet.
 12003 | D:9      | Reached skill level 16 in Axes
 12008 | D:9      | Found a white marble altar of Elyvilon.
 12266 | D:10     | Entered Level 10 of the Dungeon
 12844 | D:10     | Found a staircase to the Lair.
 13018 | D:10     | Reached skill level 17 in Axes
 13052 | D:10     | Noticed a two-headed ogre
 13059 | D:10     | Killed a two-headed ogre
 13386 | D:11     | Noticed a boulder beetle
 13400 | D:11     | Received a gift from Trog
 13420 | D:11     | Killed a boulder beetle
 13421 | D:11     | Reached skill level 18 in Axes
 13436 | D:11     | Noticed a brown ugly thing
 13438 | D:11     | Killed a brown ugly thing
 13438 | D:11     | Noticed a two-headed ogre
 13441 | D:11     | Killed a two-headed ogre
 13797 | D:11     | Found a sparkling altar of Nemelex Xobeh.
 14051 | D:11     | Noticed a two-headed ogre
 14064 | D:11     | Killed a two-headed ogre
 14065 | D:11     | Reached skill level 19 in Axes
 14093 | D:11     | Noticed Lodul
 14094 | D:11     | Noticed a two-headed ogre
 14094 | D:11     | Noticed a two-headed ogre
 14094 | D:11     | Noticed a two-headed ogre
 14474 | D:11     | Noticed a two-headed ogre
 14483 | D:11     | Killed a two-headed ogre
 14504 | D:11     | Killed Lodul
 14505 | D:11     | Reached XP level 12. HP: 36/102 MP: 11/11
 14529 | D:11     | Killed a two-headed ogre
 15151 | D:10     | Killed a two-headed ogre
 15298 | D:10     | Killed a two-headed ogre
 15299 | D:10     | Reached skill level 20 in Axes
 15812 | D:12     | Noticed Nessos
 15816 | D:12     | Killed Nessos
 15817 | D:12     | Reached skill level 1 in Evocations
 15857 | D:12     | Found a gate leading to a gauntlet.
 15867 | Gauntlet | Entered a Gauntlet
 15867 | Gauntlet | Found a transporter.
 15867 | Gauntlet | Found a transporter.
 15875 | Gauntlet | Found a transporter.
 15879 | Gauntlet | Found a transporter.
 15887 | Gauntlet | Found a transporter.
 15892 | Gauntlet | Found a transporter.
 15895 | Gauntlet | Found a runed translucent door.
 15897 | Gauntlet | Found a runed translucent door.
 15899 | Gauntlet | Found a transporter.
 15912 | Gauntlet | Noticed a death scarab
 15912 | Gauntlet | Noticed a death scarab
 15916 | Gauntlet | Found a transporter.
 15933 | Gauntlet | Found a transporter.
 15934 | Gauntlet | Found a transporter.
 15942 | Gauntlet | Found a transporter.
 15946 | Gauntlet | Found a transporter.
 16169 | Gauntlet | HP: 5/104 [poison (poison gas)]
 16173 | Gauntlet | HP: 2/104 [poison (poison gas)]
 16563 | Gauntlet | Identified a ring of Velleil {Drain Str+6 Dex+3 Slay+4}
 16572 | Gauntlet | Paralysed by a hornet for 2 turns
 16575 | Gauntlet | Paralysed by a hornet for 2 turns
 16869 | Gauntlet | Identified the amulet "Raesaotu" {Acrobat MP+9 Dex+4}
 16873 | Gauntlet | Killed a death scarab
 16883 | Gauntlet | HP: 4/102 [spectral eight-headed hydra (6)]
 16884 | Gauntlet | Slain by a spectral eight-headed hydra

Illustrated notes

Levels and vault maps discovered:
D:1:      lemuel_arrival_funnel, layout_basic,
          chequers_ecumenical_altar_simple_redux
D:2:      layout_basic, grunt_ministairs_8
D:3:      layout_basic, minmay_misc_feat_roman, uniq_jessica
D:4:      layout_loops_corners, minmay_temple_entry_from_below_b, uniq_edmund
D:5:      layout_basic, mainiacjoe_overflow_chevrons, uniq_menkaure
D:6:      layout_basic, minmay_misc_feat_nine_boxes, kennysheep_generic_room_11,
          uniq_grinder, uniq_duvessa, uniq_crazy_yiuf_cottage
D:7:      layout_loops_cross, lemuel_round_altar, uniq_pikel
D:8:      layout_rooms, nicolae_sif_muna_condensation, serial_co_window_serial,
          co_window_paths_a, co_window_corner_a, co_window_corner_a,
          co_window_of_opportunity_a, co_window_of_opportunity_a,
          co_window_broadway_a, co_window_2corner, co_window_unsneaky_path_a,
          co_window_broadway_a, co_window_unsneaky_path_c, co_window_paths_d,
          glass_columns_a, glass_columns_a, minmay_tree_intersection,
          minmay_orc_keep, uniq_grum
D:9:      layout_stronghold, nicolae_overflow_hallway_of_the_gods, orc_0_dummy,
          kennysheep_donut, kennysheep_decorative_pillar, minmay_shop_mayhem
D:10:     wad_crossroads, layout_irregular_city, minmay_circle_x
D:11:     layout_long_grid, special_room [special_room_bee],
          nemelex_spade_bored_becter, uniq_lodul
D:12:     layout_long_grid, gauntlet_entry_generic, special_room
          [special_room_orc], lemuel_nasty_fountain, uniq_nessos
Gauntlet: minmay_gauntlet_77_indecision [minmay_gauntlet_arena_77_fan,
          minmay_gauntlet_arena_77_two_lines, minmay_gauntlet_arena_77_p_blocks,
          minmay_gauntlet_arena_77_terracotta_army,
          minmay_gauntlet_arena_77_cramped, minmay_gauntlet_arena_77_mirror,
          gauntlet_exit_green]

Skill      XL: |  1  2  3  4  5  6  7  8  9 10 11 12 |
---------------+-------------------------------------+-----
Fighting       | 4 5 6 8 9 |  9.5
Axes           | 4 5 6 8 12 15 19 20 | 20.0
Armour         | 3 4 6 7 9 |  9.1
Dodging        | 3 4 5 6 7 |  7.7
Evocations     | 2 |  2.1

Action                   |  1- 3 |  4- 6 |  7- 9 | 10-12 || total
-------------------------+-------+-------+-------+-------++-------
Melee: Hand axe          |    86 |    76 |       |       ||   162
       Headbutt          |     8 |    28 |    31 |    52 ||   119
       Punch             |     1 |     2 |     3 |       ||     6
       War axe           |       |    60 |   116 |       ||   176
       Battleaxe         |       |       |    60 |   172 ||   232
       Executioner's axe |       |       |       |   145 ||   145
Invok: Berserk           |       |     1 |     4 |     6 ||    11
       Brothers in Arms  |       |       |       |     5 ||     5
       Trog's Hand       |       |       |       |     3 ||     3
  Use: Scroll            |       |       |     4 |     9 ||    13
       Potion            |       |       |       |     1 ||     1
 Stab: Confused          |       |       |     1 |       ||     1
       Distracted        |       |       |       |     1 ||     1
Armor: Ring mail         |    27 |    32 |    22 |       ||    81
       Plate armour      |       |       |    30 |   187 ||   217
Dodge: Dodged            |    62 |   123 |   145 |   270 ||   600

Table legend: (Time is in decaauts)
 A = Elapsed time spent in this place.
 B = Non-inter-level travel time spent in this place.
 C = Inter-level travel time spent in this place.
 D = Time resting spent in this place.
 E = Time spent auto-exploring this place.
 F = Levels seen in this place.
 G = Mean time per level.
                   A        B        C        D        E       F      G
               +--------+--------+--------+--------+--------+-----+--------+
         Total |  17039 |  16595 |    444 |   4519 |   9874 |  13 | 1310.7 |
       Dungeon |  16005 |  15561 |    444 |   3847 |   9758 |  12 | 1333.8 |
      Gauntlet |   1034 |   1034 |      0 |    672 |    116 |   1 | 1034.0 |
               +--------+--------+--------+--------+--------+-----+--------+

Top non-repeatable levels by time:
    D:10: 2390 daAuts
     D:6: 2095 daAuts
     D:8: 1679 daAuts
     D:4: 1566 daAuts
     D:9: 1304 daAuts
     D:5: 1303 daAuts
     D:2: 1291 daAuts
     D:1: 1197 daAuts
    D:11: 1163 daAuts
Gauntlet: 1034 daAuts
     D:7: 1003 daAuts
     D:3: 952 daAuts
    D:12: 57 daAuts
